 Dungeon Sprint DCSS version 0.29-a0-409-gd843f3a48c (webtiles) character file.

Game seed: 14559025830434616717

1120 mhtbhm the Protected (level 8, -13/78 HPs)
             Began as a Minotaur Fighter on May 13, 2022.
             Was a Priest of Okawaru.
             Mangled by Gastronok (17 damage)
             ... in the Dungeon (Sprint VII: "The Pits").
             The game lasted 00:01:29 (615 turns).

mhtbhm the Protected (Minotaur Fighter)              Turns: 615, Time: 00:01:29

Health: -13/78     AC: 15    Str: 22    XL:     8   Next: 12%
Magic:  12/12      EV:  8    Int:  5    God:    Okawaru [***...]
Gold:   0          SH:  6    Dex: 11    Spells: 7/7 levels left

rFire   . . .      SeeInvis .   a - +2 hand axe (vorpal)
rCold   . . .      Faith    .   c - +0 buckler
rNeg    . . .      Spirit   .   b - +3 chain mail
rPois   .          Reflect  .   (helmet restricted)
rElec   .          Harm     .   (no cloak)
rCorr   .          Rampage  .   (no gloves)
Will    .....      NoTele   +   (no boots)
Stlth   ..........              (no amulet)
HPRegen 0.23/turn               (no ring)
MPRegen 0.13/turn               (no ring)

@: no status effects
A: horns 2, retaliatory headbutt
a: Renounce Religion, Heroism


You were in the Dungeon.
You worshipped Okawaru.
Okawaru was most pleased with you.
You visited 1 branch

Inventory:

Hand Weapons
 a - a +2 vorpal hand axe (weapon)
Armour
 b - a +3 chain mail (worn)
 c - a +0 buckler (worn)
Scrolls
 j - a scroll of blinking
 l - 5 scrolls of amnesia
Potions
 d - a potion of might
 e - 5 potions of curing
 f - 3 potions of heal wounds
 g - a potion of haste
 h - 4 potions of magic
 i - 2 potions of berserk rage
 k - 2 potions of invisibility


   Skills:
 + Level 9.4 Fighting
 + Level 10.9 Axes
 + Level 11.0 Armour
 + Level 2.3 Dodging
 + Level 0.1 Stealth
 + Level 9.1 Shields
 * Level 7.7 Invocations


You had 7 spell levels left.
You didn't know any spells.
Your spell library was empty.

Dungeon Overview and Level Annotations

Branches:
Dungeon (1/1)

Altars:
Ashenzari
Cheibriados
Dithmenos
Elyvilon
Fedhas
Gozag
Hepliaklqana
Kikubaaqudgha
Makhleb
Nemelex Xobeh
Okawaru
Qazlal
Ru
Sif Muna
Trog
Uskayaw
Vehumet
Wu Jian
Xom
Yredelemnul
Zin
The Shining One
Beogh
Jiyva
Lugonu

Annotations:
D Gastronok


Innate Abilities, Weirdness & Mutations

You have a pair of horns on your head.
You reflexively headbutt those who attack you in melee.


Message History

Gastronok is moderately wounded.
Gastronok closely misses you. You furiously retaliate!
You headbutt Gastronok, but do no damage.
You slash Gastronok!
Gastronok is moderately wounded.
You hit Gastronok.
Gastronok is moderately wounded.
You hit Gastronok.
Gastronok is moderately wounded.
Gastronok bites you!!
* * * LOW HITPOINT WARNING * * *
You feel much better.
You hit Gastronok.
Gastronok is heavily wounded.
Gastronok makes a strange noise.
Gastronok bites you!!
* * * LOW HITPOINT WARNING * * *
You hit Gastronok.
Gastronok is heavily wounded.
You feel much better. Gastronok barely misses you. You furiously retaliate!
You headbutt Gastronok! You hit Gastronok but do no damage.
You headbutt Gastronok.
Gastronok is heavily wounded.
You hit Gastronok.
Gastronok is heavily wounded.
Gastronok bites you but does no damage.
You hit Gastronok.
Gastronok is heavily wounded.
You hit Gastronok but do no damage.
Gastronok is heavily wounded.
You slash Gastronok! You headbutt Gastronok!
Gastronok is severely wounded.
Gastronok bites you!!
* * * LOW HITPOINT WARNING * * *
You hit Gastronok.
Gastronok is severely wounded.
You hit Gastronok. You headbutt Gastronok!
Gastronok is almost dead.
Gastronok bites you!
You die...

#.####)##'###...<...#
#.#........##.......#
#.#........##.......#
#'###########.......#
#.......#..##########
#))#.#..#)######
#.##.##.#)#....#
#.......#'#....#
#.##.##.#)'@w..+
#..#.#..#'#....#
#.......†.#....#
################


You could see Gastronok.

Vanquished Creatures
  A red devil (D)
  A ynoxinul (D)
  A fire bat (D)
  A water moccasin (D)
  A phantom (D)
  A bullfrog (D)
  A gnoll sergeant (D)
  3 scorpions (D)
  A gnoll shaman (D)
  An orc priest (D)
  3 gnolls (D)
  A river rat (D)
  An adder (D)
  2 orcs (D)
  A bat skeleton (D)
  An endoplasm (D)
  3 giant cockroaches (D)
  A kobold (D)
  2 quokkas (D)
  A ball python zombie (D)
28 creatures vanquished.

Notes
Turn   | Place    | Note
-------+----------+-------------------------------------------
     0 | D        | mhtbhm the Minotaur Fighter began the quest for the Orb.
     0 | D        | Reached XP level 1. HP: 19/19 MP: 0/0
    23 | D        | Found a bloodstained altar of Trog.
    23 | D        | Found a shimmering blue altar of Sif Muna.
    23 | D        | Found a viscous altar of Jiyva.
    23 | D        | Found a hazy altar of Hepliaklqana.
    23 | D        | Found an opulent altar of Gozag.
    24 | D        | Found a glowing golden altar of the Shining One.
    24 | D        | Found a glowing silver altar of Zin.
    24 | D        | Found a basalt altar of Yredelemnul.
    24 | D        | Found a shimmering altar of Xom.
    24 | D        | Found an ornate altar of the Wu Jian Council.
    24 | D        | Found a sacrificial altar of Ru.
    24 | D        | Found a stormy altar of Qazlal.
    24 | D        | Found an iron altar of Okawaru.
    24 | D        | Found a sparkling altar of Nemelex Xobeh.
    24 | D        | Found a burning altar of Makhleb.
    24 | D        | Found a blossoming altar of Fedhas.
    24 | D        | Found a white marble altar of Elyvilon.
    24 | D        | Found a shadowy altar of Dithmenos.
    24 | D        | Found a snail-covered altar of Cheibriados.
    27 | D        | Found a corrupted altar of Lugonu.
    27 | D        | Found a radiant altar of Vehumet.
    28 | D        | Found an ancient bone altar of Kikubaaqudgha.
    28 | D        | Found a hide-covered altar of Uskayaw.
    28 | D        | Found a broken altar of Ashenzari.
    34 | D        | Became a worshipper of Warmaster Okawaru
    76 | D        | Reached skill level 4 in Armour
    76 | D        | Reached skill level 1 in Invocations
    76 | D        | Reached XP level 2. HP: 28/28 MP: 1/1
    98 | D        | Noticed a scorpion
    99 | D        | Noticed a scorpion
   100 | D        | Noticed a scorpion
   107 | D        | Reached skill level 5 in Fighting
   107 | D        | Reached skill level 5 in Armour
   107 | D        | Reached skill level 5 in Shields
   107 | D        | Reached XP level 3. HP: 36/36 MP: 3/3
   107 | D        | Killed a scorpion
   107 | D        | Reached * piety under Okawaru
   108 | D        | Reached skill level 6 in Armour
   108 | D        | Reached XP level 4. HP: 45/45 MP: 3/5
   109 | D        | Killed a scorpion
   110 | D        | Reached skill level 5 in Axes
   110 | D        | Reached skill level 7 in Armour
   110 | D        | Reached XP level 5. HP: 52/52 MP: 3/7
   183 | D        | Noticed a fire bat
   183 | D        | Noticed a phantom
   193 | D        | Reached skill level 8 in Armour
   193 | D        | Reached skill level 5 in Invocations
   193 | D        | Reached ** piety under Okawaru
   194 | D        | Reached XP level 6. HP: 36/61 MP: 8/8
   198 | D        | Killed a fire bat
   199 | D        | Reached skill level 9 in Armour
   199 | D        | Reached skill level 1 in Dodging
   417 | D        | Reached XP level 7. HP: 69/69 MP: 10/10
   419 | D        | Noticed a red devil
   432 | D        | Killed a red devil
   433 | D        | Reached skill level 10 in Axes
   433 | D        | Reached skill level 10 in Armour
   460 | D        | Reached *** piety under Okawaru
   581 | D        | Noticed Gastronok
   581 | D        | Noticed a ynoxinul
   594 | D        | Killed a ynoxinul
   595 | D        | Reached skill level 11 in Armour
   595 | D        | Reached XP level 8. HP: 67/78 MP: 12/12
   613 | D        | HP: 3/78 [Gastronok (32)]
   615 | D        | Mangled by Gastronok

Illustrated notes

Levels and vault maps discovered:
D:        pitsprint [storerooms_1, entrance_room_1, metal_vault_6, armoury_2,
          mini_pit_1, grid_room_1, main_hall_1, silver_pit, the_coven_2,
          the_vestibule_1, steel_vault_4, golden_pit, hallway_of_sentries,
          crystal_vault_2, iron_vault_2, final_vault]

Skill      XL: |  1  2  3  4  5  6  7 |
---------------+----------------------+-----
Fighting       | 4 5 6 7 8 9 |  9.4
Axes           | 3 4 5 7 8 10 | 10.9
Armour         | 4 5 6 7 8 9 11 | 11.0
Shields        | 4 5 6 7 8 9 |  9.1
Invocations    | 1 2 3 4 5 6 7 |  7.7
Dodging        | 1 2 |  2.3
Stealth        | |  0.1

Action                   |  1- 3 |  4- 6 |  7- 9 || total
-------------------------+-------+-------+-------++-------
Melee: Hand axe          |    16 |    28 |    57 ||   101
       Headbutt          |     4 |     6 |    16 ||    26
       War axe           |     2 |       |       ||     2
  Use: Potion            |     2 |       |     3 ||     5
Armor: Scale mail        |    10 |       |       ||    10
       Chain mail        |       |    16 |    11 ||    27
Dodge: Dodged            |     4 |     9 |    14 ||    27
Block: Buckler           |     4 |     8 |    16 ||    28

Table legend: (Time is in decaauts)
 A = Elapsed time spent in this place.
 B = Non-inter-level travel time spent in this place.
 C = Inter-level travel time spent in this place.
 D = Time resting spent in this place.
 E = Time spent auto-exploring this place.
 F = Levels seen in this place.
 G = Mean time per level.
                   A        B        C        D        E       F      G
               +--------+--------+--------+--------+--------+-----+--------+
         Total |    613 |    613 |      0 |    318 |     34 |   1 |  613.0 |
       Dungeon |    613 |    613 |      0 |    318 |     34 |   1 |  613.0 |
               +--------+--------+--------+--------+--------+-----+--------+

Top non-repeatable levels by time:
       D: 613 daAuts
